 Dungeon Crawl Stone Soup version 0.21.0 (webtiles) character file.

280 Peloso the Shield-Bearer (level 6, -6/53 HPs)
             Began as a Minotaur Fighter on Jan 7, 2018.
             Killed from afar by an orc wizard (12 damage)
             ... with a puff of frost
             ... on level 4 of the Dungeon.
             The game lasted 00:06:00 (2637 turns).

Peloso the Shield-Bearer (Minotaur Fighter)         Turns: 2637, Time: 00:06:01

Health: -6/53      AC: 10    Str: 21    XL:     6   Next: 5%
Magic:  5/5        EV:  6    Int:  5    God:
Gold:   210        SH: 10    Dex: 11    Spells: 5/5 levels left

rFire    . . .     SeeInvis .   a - +0 long sword
rCold    . . .     Gourm    .   c - +0 shield
rNeg     . . .     Faith    .   b - +0 chain mail
rPois    .         Spirit   .   (helmet restricted)
rElec    .         Reflect  .   (no cloak)
rCorr    .         Harm     .   p - +0 pair of gloves
MR       +....                  (no boots)
Stlth    ..........             e - amulet of rage
HPRegen  0.17/turn              j - ring of protection from magic
MPRegen  0.09/turn              (no ring)

@: no status effects
A: retaliatory headbutt, horns 2
a: Evoke Berserk Rage


You were on level 4 of the Dungeon.
You were not hungry.

You visited 1 branch of the dungeon, and saw 4 of its levels.

You collected 210 gold pieces.

Inventory:

Hand Weapons
 a - a +0 long sword (weapon)
Armour
 b - a +0 chain mail (worn)
 c - a +0 shield (worn)
 p - a +0 pair of gloves (worn)
Jewellery
 e - an amulet of rage (around neck)
 j - a ring of protection from magic (left hand)
Scrolls
 g - 2 scrolls of noise {unknown}
 h - 2 scrolls of identify {unknown}
 i - a scroll of blinking {unknown}
 m - a scroll of immolation {unknown}
 q - 4 scrolls of remove curse {unknown}
Potions
 d - a potion of might
 k - 2 potions of flight {unknown}
 l - a potion of invisibility {unknown}
 n - 4 potions of haste {unknown}
 o - 2 potions of brilliance {unknown}
Comestibles
 f - 5 rations


   Skills:
 + Level 4.4 Fighting
 + Level 4.9 Long Blades
 + Level 4.6 Armour
 + Level 1.4 Dodging
 + Level 0.3 Stealth
 + Level 5.2 Shields


You had 5 spell levels left.
You didn't know any spells.

Dungeon Overview and Level Annotations

Branches:
Dungeon (4/15)
 Temple: D:4-7

Altars:
Nemelex Xobeh
Trog
The Shining One


Innate Abilities, Weirdness & Mutations

You reflexively headbutt those who attack you in melee.
You have a pair of horns on your head.


Message History

* * * LOW HITPOINT WARNING * * *
You hit the orc wizard.
The orc wizard is moderately wounded.
The orc wizard hits you with a dagger.
* * * LOW HITPOINT WARNING * * *
You hit the orc wizard.
The orc wizard is severely wounded.
You block the orc wizard's attack.
The orc wizard points at you and mumbles some strange words.
The magic dart hits you!
* * * LOW HITPOINT WARNING * * *
Unknown command.
You barely miss the orc wizard.
The orc wizard is severely wounded.
The orc wizard hits you but does no damage.
You hit the orc wizard.
The orc wizard is almost dead.
The orc wizard points at you and mumbles some strange words.
The puff of frost hits you!
You die...

#......# #.. ######
#......# #.. .....#
#......###.# #...#
#......#...# #...#
#..........#
#...####...##....#
.#######....##...##..#.#
......).....''.......#..
#.....o@....##........##
............#####...[.#
...######...# #...... ..
#...... #....#.# .
....... ....# ......#..
...# .......≈≈≈
......#≈≈≈


You could see an orc wizard.

Vanquished Creatures
  An ogre (D:4)
  A hound (D:4)
  An orc priest (D:3)
  Jessica (D:2)
  2 adders (D:3)
  An ooze (D:3)
  A worm (D:2)
  2 leopard geckos
  8 orcs
  7 giant cockroaches
  7 goblins
  11 hobgoblins
  3 jackals (D:3)
  9 kobolds
  A quokka (D:4)
  7 bats
  A frilled lizard (D:1)
  9 rats
73 creatures vanquished.

Notes
Turn   | Place    | Note
-------+----------+-------------------------------------------
     0 | D:1      | Peloso the Minotaur Fighter began the quest for the Orb.
     0 | D:1      | Reached XP level 1. HP: 19/19 MP: 0/0
   218 | D:1      | Reached XP level 2. HP: 27/27 MP: 1/1
   225 | D:1      | Reached skill level 4 in Shields
   460 | D:2      | Found a faded altar of an unknown god.
   515 | D:2      | Reached XP level 3. HP: 33/33 MP: 2/2
   661 | D:2      | Noticed Jessica
   668 | D:2      | Killed Jessica
   969 | D:2      | Reached XP level 4. HP: 39/40 MP: 3/3
  1644 | D:3      | Reached skill level 1 in Dodging
  1839 | D:3      | Reached XP level 5. HP: 47/47 MP: 4/4
  1930 | D:3      | Found a sparkling altar of Nemelex Xobeh.
  2435 | D:3      | Found a bloodstained altar of Trog.
  2435 | D:3      | Found a glowing golden altar of the Shining One.
  2504 | D:4      | Noticed an ogre
  2515 | D:4      | Reached skill level 5 in Shields
  2522 | D:4      | Killed an ogre
  2522 | D:4      | Reached XP level 6. HP: 5/53 MP: 5/5
  2637 | D:4      | Killed from afar by an orc wizard

Skill      XL: |  1  2  3  4  5 |
---------------+----------------+-----
Shields        | 4 5 |  5.2
Armour         | 4 |  4.6
Fighting       | 4 |  4.4
Long Blades    | 3 4 |  4.9
Dodging        | 1 |  1.4
Stealth        | |  0.3

Action                   |  1- 3 |  4- 6 || total
-------------------------+-------+-------++-------
Melee: Long sword        |    70 |   111 ||   181
       Headbutt          |    10 |    22 ||    32
  Eat: Chunk             |       |     6 ||     6
Armor: Scale mail        |    61 |    30 ||    91
       Chain mail        |       |    32 ||    32
Dodge: Dodged            |    31 |    28 ||    59
Block: Shield            |    42 |    61 ||   103
       Rpst.: Long sword |     8 |     9 ||    17
